Map: Ruínas de Endion

Players

TheZergLord - Winner!

  • Race: Zerg Zerg
  • League: Master

lIIIIIIIIIII

  • Race: Zerg Zerg
  • League: Master

VOD

Have the link to the VOD?

Description

Time

  • Played on: May 23, 2016, 7:39 a.m.
  • Length: 6:41
Show
View Real Time Build Order
Export as new Build Order

TheZergLord Zerg - Winner!

Build Orders: Hatch First 

Get SALT Encoding   

  12  0:01  Drone  
  13  0:13  Overlord  
  13  0:19  Drone  
  14  0:33  Drone x2  
  16  0:35  Drone  
  17  0:53  Hatchery  
  17  0:56  Drone  
  17  1:09  Spawning Pool  
  16  1:11  Extractor  
  16  1:15  Drone  
  16  1:17  Drone  
  17  1:21  Drone  
  18  1:29  Drone  
  19  1:40  Overlord  
  19  1:52  Drone  
  20  2:01  Queen  
  20  2:02  Zergling x2  
  20  2:06  Queen  
  25  2:10  Zergling x2  
  25  2:11  Metabolic Boost  
  25  2:14  Drone  
  27  2:20  Drone  
  28  2:25  Drone  
  28  2:29  Drone  
  30  2:34  Drone, Baneling Nest  
  30  2:38  Drone  
  31  2:48  Drone x2  
  33  2:55  Overlord  
  33  2:59  Drone  
  34  3:05  Drone  
  34  3:08  Lair  
  34  3:10  Drone  
  36  3:15  Drone x2  
  36  3:16  Drone x4  
  42  3:23  Overlord  
  42  3:26  Extractor x2  
  40  3:29  Drone, Extractor  
  40  3:33  Drone  
  41  3:38  Overlord  
  41  3:42  Drone x3  
  41  3:46  Drone x3  
  41  3:47  Drone  
  48  3:58  Drone x2  
  50  4:03  Hatchery  
  49  4:11  Spire  
  48  4:17  Drone  
  49  4:29  Overlord  
  49  4:37  Zergling x8  
  49  4:38  Zergling x6  
  56  4:40  Drone  
  56  4:42  Overseer  
  57  5:05  Drone x3, Spine Crawler  
  57  5:06  Spine Crawler  
  58  5:08  Spine Crawler  
  57  5:15  Spine Crawler  
  57  5:16  Spine Crawler  
  57  5:18  Spine Crawler  
  57  5:19  Overlord  
  54  5:25  Mutalisk x5  
  54  5:26  Mutalisk x2  
  68  5:39  Spine Crawler x2  
  68  5:41  Mutalisk  
  68  5:46  Mutalisk  
  68  5:48  Baneling  
  68  5:49  Baneling x2  
  70  5:53  Zergling x6  
  64  6:24  Drone  
Show
View Real Time Build Order
Export as new Build Order

lIIIIIIIIIII Zerg 

Build Orders: Hatch First 

Get SALT Encoding   

  12  0:01  Drone  
  13  0:12  Overlord  
  13  0:18  Drone  
  14  0:31  Drone x2  
  14  0:35  Drone  
  17  0:54  Hatchery  
  17  0:57  Drone  
  17  1:00  Drone  
  17  1:02  Extractor  
  17  1:16  Spawning Pool  
  16  1:19  Drone  
  16  1:22  Drone  
  18  1:28  Drone  
  19  1:39  Overlord  
  19  2:05  Queen  
  19  2:06  Queen  
  19  2:07  Zergling x2  
  19  2:08  Zergling x2  
  25  2:09  Drone  
  25  2:12  Drone  
  27  2:17  Drone  
  27  2:20  Metabolic Boost  
  27  2:22  Drone  
  29  2:28  Drone  
  30  2:33  Drone  
  31  2:39  Drone  
  32  2:49  Drone  
  32  2:50  Drone  
  34  2:55  Drone  
  35  2:59  Hatchery  
  35  3:00  Drone  
  35  3:06  Drone  
  36  3:13  Overlord  
  36  3:15  Overlord  
  36  3:31  Queen  
  36  3:32  Drone x3  
  36  3:33  Drone x3  
  44  3:36  Roach Warren  
  43  3:44  Drone x2  
  45  3:49  Drone x4  
  45  3:50  Drone x2  
  45  3:53  Extractor  
  50  3:59  Overlord x2  
  50  4:15  Overlord x2  
  50  4:26  Roach x8  
  50  4:27  Roach  
  68  4:32  Roach  
  68  4:34  Roach  
  68  4:38  Roach  
  74  4:41  Overlord  
  74  4:45  Roach  
  76  4:56  Roach x4  
  76  4:58  Roach  
  86  5:01  Overlord  
  86  5:02  Roach  
  88  5:15  Zergling x4, Baneling Nest  
  88  5:16  Zergling x10  
  94  5:25  Zergling x10  
  99  5:37  Zergling x14  
  106  5:51  Overlord x2  
  101  6:07  Baneling x10  
  101  6:08  Baneling  
Tags
 
Add a new tag
Caveats
  • Supply blocks, unpowered buildings, or Contaminate may cause inaccurate times.
  • Supply counts are checked every 10 seconds.